 Dungeon Crawl Stone Soup version 0.22.1-2-g9c5b331 (webtiles) character file.

29437 Goblin1989 the Nimble (level 13, -3/101 HPs)
             Began as a Gnoll Gladiator on Nov 24, 2018.
             Was the Champion of Ru.
             Hit by a large rock thrown by a cyclops (23 damage)
             ... on level 2 of the Orcish Mines.
             The game lasted 01:02:13 (22384 turns).

Goblin1989 the Nimble (Gnoll Gladiator)            Turns: 22384, Time: 01:02:14

Health: -3/101     AC: 10    Str: 21    XL:     13   Next: 45%
Magic:  22/25      EV: 11    Int: 11    God:    Ru [******]
Gold:   1293       SH:  0    Dex: 17    Spells: 25/28 levels left

rFire    . . .     SeeInvis .   k - +0 broad axe
rCold    . . .     Gourm    .   (no shield)
rNeg     . . .     Faith    .   X - +0 plate armour
rPois    +         Spirit   .   c - +0 helmet
rElec    .         Reflect  .   S - +0 cloak
rCorr    .         Harm     .   x - +1 pair of gloves
MR       +....     Rnd*Rage +   J - +1 pair of boots
Stlth    ..........             E - amulet of rage
HPRegen  0.26/turn              m - ring of protection from magic
MPRegen  0.19/turn              o - ring of poison resistance

@: exhausted, drained
A: distributed training, fangs 1, berserk 1, deformed body, no stealth, hated by
all, no charms magic, no ice magic, no transmutations magic, reduced AC 1,
inexperienced 1, strong nose
a: Draw Out Power, Power Leap, Apocalypse, Renounce Religion, Evoke Berserk Rage


You were on level 2 of the Orcish Mines.
You worshipped Ru.
Ru was exalted by your worship.
You were not hungry.

You visited 3 branches of the dungeon, and saw 18 of its levels.
You also visited: Ossuary.

You collected 1407 gold pieces.
You spent 114 gold pieces at shops.

Inventory:

Hand Weapons
 a - a +1 war axe
 b - a +0 hunting sling
 k - a +0 broad axe (weapon)
 y - a +0 trident of protection
 C - a +0 dagger of venom
 L - a +1 whip of distortion {!w}
Missiles
 t - 568 stones {@Q3}
 V - 100 sling bullets
 Z - 2 throwing nets (quivered) {!d , @Q1}
Armour
 c - a +0 helmet (worn)
 d - a scarf of cloud immunity
 j - the +4 ring mail of Love and Death {*Corrode +Fly rF++ rC+}
   (You found it on level 10 of the Dungeon)

   It greatly protects you from fire.
   It protects you from cold.
   It lets you fly.
   It may corrode you when you take damage.
 x - a +1 pair of gloves (worn)
 J - a +1 pair of boots (worn)
 S - a +0 cloak (worn)
 X - a +0 plate armour (worn)
Jewellery
 l - an uncursed ring of flight
 m - a ring of protection from magic (left hand)
 o - a ring of poison resistance (right hand)
 E - an amulet of rage (around neck)
 K - an uncursed ring of ice
 Y - an uncursed amulet of guardian spirit
Wands
 i - a wand of flame (14) {@v6}
 s - a wand of iceblast (10) {@v4}
 A - a wand of paralysis (19) {@v7}
 O - a wand of acid (13) {@v2}
Scrolls
 n - a scroll of amnesia
 p - a scroll of fog
 B - 5 scrolls of blinking
 F - 2 scrolls of immolation
 H - 2 scrolls of enchant weapon
 P - 5 scrolls of enchant armour
 Q - 10 scrolls of remove curse {@r3}
 R - 7 scrolls of identify {@r1}
 T - 9 scrolls of teleportation {!r, @r2}
 U - a scroll of fear
Potions
 g - 3 potions of flight
 q - 2 potions of agility {@q5}
 r - 2 potions of might {@q4}
 u - 4 potions of curing {@q1}
 v - 4 potions of lignification
 w - a potion of magic
 D - a potion of ambrosia
 G - 4 potions of heal wounds {@q2}
 I - 9 potions of haste {@q3,}
 N - a potion of mutation {!q}
 W - a potion of berserk rage
Comestibles
 e - 24 rations
 M - a chunk of flesh


   Skills:
 + Level 9.4(8.1) Fighting
 + Level 8.2(6.9) Short Blades
 + Level 8.2(6.9) Long Blades
 + Level 10.4(9.1) Axes
 + Level 8.2(6.9) Maces & Flails
 + Level 8.2(6.9) Polearms
 + Level 8.2(6.9) Staves
 + Level 8.2(6.9) Slings
 + Level 8.2(6.9) Bows
 + Level 8.2(6.9) Crossbows
 + Level 9.4(8.1) Throwing
 + Level 8.2(6.9) Armour
 + Level 10.4(9.1) Dodging
   Level 0.0 Stealth
 + Level 8.2(6.9) Shields
 + Level 8.2(6.9) Unarmed Combat
 + Level 8.2(6.9) Spellcasting
 + Level 6.8(5.6) Conjurations
 + Level 6.8(5.6) Hexes
   Level 0.0 Charms
 + Level 6.8(5.6) Summonings
 + Level 6.8(5.6) Necromancy
 + Level 6.8(5.6) Translocations
   Level 0.0 Transmutations
 + Level 6.8(5.6) Fire Magic
   Level 0.0 Ice Magic
 + Level 6.8(5.6) Air Magic
 + Level 6.8(5.6) Earth Magic
 + Level 6.8(5.6) Poison Magic
 + Level 9.0(7.7) Invocations
 + Level 8.2(6.9) Evocations


You had 25 spell levels left.
You knew the following spells:

 Your Spells              Type           Power        Failure   Level  Hunger
j - Conjure Flame         Conj/Fire      ###.....     69%         3    ###....

Your spell library contained the following spells:

 Spells                   Type           Power        Failure   Level  Hunger
 Flame Tongue             Conj/Fire      ###..        32%         1    None
 Throw Flame              Conj/Fire      ###...       45%         2    ##.....
 Inner Flame              Hex/Fire       ###.....     69%         3    ###....
 Sticky Flame             Conj/Fire      ###.....     97%         4    ####...
 Fireball                 Conj/Fire      ###.......   100%        5    ######.
 Spider Form              Tmut/Pois      Unusable     N/A         3    N/A
 Beastly Appendage        Tmut           Unusable     N/A         1    N/A
 Sticks to Snakes         Tmut           Unusable     N/A         2    N/A
 Ice Form                 Ice/Tmut       Unusable     N/A         4    N/A
 Blade Hands              Tmut           Unusable     N/A         5    N/A

Dungeon Overview and Level Annotations

Branches:
Dungeon (11/15)            Temple (0/1) D:5            Lair (5/6) D:9
  Swamp (0/4) Lair:4        Snake (0/4) Lair:2          Orc (2/2) D:10
    Elf (0/3) Orc:2
  Slime: Lair:5-6

Altars:
Ashenzari
Cheibriados
Dithmenos
Fedhas
Hepliaklqana
Kikubaaqudgha
Nemelex Xobeh
Ru
Sif Muna
Xom
Yredelemnul
The Shining One
Beogh

Shops:
D:5 *

Portals:
Trove: D:11 (give horn of Geryon)

Annotations:
D:11 1 runed door, Zebedee's ghost, novice DECj
Lair:2 1 runed door, cotteux's ghost, journeyman GrBe


Innate Abilities, Weirdness & Mutations

Your experience applies equally to all skills.
You have very sharp teeth.
You cannot be stealthy.
You are hated by all.
You cannot study or cast Charms magic.
You cannot study or cast Ice magic.
You cannot study or cast Transmutations magic.
You take slightly more damage. (AC -5)
You are somewhat inexperienced. (-2 XL)
Your uncanny sense of smell can sniff out nearby items.
You tend to lose your temper in combat.
Armour fits poorly on your strangely shaped body.


Message History

Hark!
There is an entrance to a minotaur's labyrinth on this level.
Find the Level annotation: Erolcha You hear the brisk ticking of a very distant clock.
The warg pauses to sniff the ground.
The warg is stunned by your will and fails to attack.
The orc warrior misses you. The warg bites you but does no damage.
The orc warrior closely misses you.
There is a stone staircase leading up here.
Unknown command.
You reveal the great annihilating truth to your foes!
You kill the warg!
You kill the orc warrior!
You kill Erolcha!
Your Invocations skill increases to level 9!
You kill the ogre!
You kill the orc wizard!
You feel drained.
You hear a shout! x27
You now have 17/25 mp.
Unknown command.
Unknown command.
An ogre comes into view. It is wielding a giant club.
Things that are here:
a giant club; an ogre corpse You redirect the ogre's attack!
The ogre closely misses itself.
You slash the ogre!
The ogre is moderately wounded.
The ogre hits you with a giant club!
You focus your will and paralyse the ogre in retribution!
You take 10 damage, and have 86/101 hp.
The helpless ogre fails to defend itself.
You slice the ogre!!
You kill the ogre!
Things that are here:
a giant club; an ogre corpse
As you read the scroll of magic mapping, it crumbles to dust.
You feel aware of your surroundings.
You sensed 5 shops/portals.
Unknown command.
You butcher the ogre corpse.
M - 2 chunks of flesh You see here a giant club. x2
Eating one of 2 chunks of flesh.
You eat one of the 2 chunks of flesh.
This raw flesh tastes terrible.
An orc comes into view. It is wielding a mace.
You regained 2 hp, and now have 89/101 hp.
Unknown command.
The orc unwields an uncursed mace.
The orc wields an arbalest.
The orc shoots a bolt.
The bolt closely misses you.
A cyclops comes into view.
The orc shoots a bolt.
The bolt hits you!
Things that are here:
a bolt; 15 gold pieces You slash the orc!
You kill the orc!
The cyclops throws a large rock.
The large rock hits you. The cyclops hits you!!
You are too injured to fight recklessly!
You are too injured to fight recklessly!
You are too injured to fight recklessly!
You are too injured to fight recklessly!
You are too injured to fight recklessly!
You take 36 damage, and have 53/101 hp.
MASSIVE DAMAGE!!
You are too injured to fight recklessly!
You are too injured to fight recklessly!
You are too injured to fight recklessly!
You are too injured to fight recklessly!
You are too injured to fight recklessly!
You are too injured to fight recklessly!
You are too injured to fight recklessly!
You are too injured to fight recklessly!
You are too injured to fight recklessly!
You are too injured to fight recklessly!
You are too injured to fight recklessly!
You are too injured to fight recklessly!
You are too injured to fight recklessly!
You are too injured to fight recklessly!
You are too injured to fight recklessly!
You are too injured to fight recklessly!
You are too injured to fight recklessly!
You are too injured to fight recklessly!
You are too injured to fight recklessly!
You are too injured to fight recklessly!
You are too injured to fight recklessly!
You are too injured to fight recklessly!
You are too injured to fight recklessly!
Unknown command.
You hit the cyclops but do no damage. The cyclops misses you.
You hit the cyclops. You bite the cyclops.
The cyclops is lightly wounded.
The cyclops hits you!
* * * LOW HITPOINT WARNING * * *
You take 10 damage, and have 43/101 hp.
You completely miss the cyclops. You bite the cyclops.
The cyclops is lightly wounded.
You slash the cyclops! You punch the cyclops!
The cyclops is heavily wounded.
The cyclops hits you!!
* * * LOW HITPOINT WARNING * * *
You take 24 damage, and have 20/101 hp.
MASSIVE DAMAGE!!
Unknown command.
The cyclops throws a large rock.
The large rock hits you!!
You die...

···▓▓···▓····▓....··██.....▓·▓▓
···▓▓▓··...·▓▓....███.....████
···▓▓···█..·▓▓.....█.......█.██
····▓···█...▓··...............██▓
·▓·····▓▓█...·▓▓▓█....█.)......█.
·······▓▓█...██▓ █.....█.█).)....
········▓██....▓ █.....██).....█.
·▓·······█....C███....(.█)....██▓
····▓▓·····█....@............██
·····▓▓····██....((██.>.<...██
···········▓██..)██████).████
▓▓·▓·▓▓▓·▓▓▓ ███.█ ██.█ ····▓▓
▓▓▓ █.█ █.█ ····▓ ▓█.█▓ ███
·▓··▓▓ ▓...▓ ▓▓···▓▓▓▓▓▓▓▓▓▓█..▓▓
···············..··▓


You could see a cyclops.

Vanquished Creatures
  An ettin (Orc:2)
  Erolcha (Orc:2)
  2 hydras
  3 two-headed ogres
  A tengu warrior (D:10)
  A lindwurm (Lair:3)
  An ugly thing (D:11)
  A manticore (D:11)
  5 black mambas
  6 elephants
  6 spiny frogs
  2 rime drakes
  3 komodo dragons
  3 trolls
  4 blink frogs (Lair:1)
  A hornet (D:10)
  A polar bear (Lair:5)
  7 dream sheep (Lair:4)
  4 hippogriffs
  Sigmund (D:3)
  A vampire (D:10)
  22 yaks
  A basilisk (Lair:4)
  A hungry ghost (D:10)
  A warg (Orc:2)
  3 insubstantial wisps (Lair:4)
  13 water moccasins
  3 orc warriors
  9 porcupines
  3 ice beasts
  4 sky beasts
  2 phantoms
  A black bear (D:8)
  A necrophage (D:7)
  5 ogres
  A centaur (D:5)
  10 crocodiles
  Blork the orc (D:4)
  4 elf zombies
  6 bullfrogs
  3 big kobolds
  A gnoll sergeant (D:9)
  3 elf skeletons (D:7)
  2 scorpions
  3 killer bees (D:9)
  2 howler monkeys (D:4)
  A jelly (D:8)
  4 electric eels
  A bullfrog zombie (D:6)
  3 centaur zombies
  4 crimson imps
  5 hounds
  8 orc priests
  3 human zombies
  3 centaur skeletons
  A gnoll shaman (D:9)
  2 human skeletons (D:7)
  2 iguanas
  Natasha (D:4)
  13 orc wizards
  9 worker ants
  3 mummies (Ossuary)
  A hound zombie (D:7)
  A hound skeleton (D:9)
  A worker ant zombie (D:7)
  11 adders
  24 gnolls
  An ooze (D:3)
  An adder skeleton (D:4)
  2 adder zombies (Ossuary)
  2 worms
  2 dart slugs
  5 leopard geckos
  35 orcs
  6 ball pythons
  4 giant cockroaches
  3 gnoll zombies (Ossuary)
  39 goblins
  29 hobgoblins
  3 jackals (D:11)
  A quokka (D:4)
  6 bats
  11 frilled lizards
  3 goblin zombies (Ossuary)
  3 hobgoblin zombies (Ossuary)
  2 jackal zombies (Ossuary)
  7 kobolds
  5 kobold zombies (Ossuary)
  A leopard gecko skeleton (D:4)
  3 orc skeletons (D:7)
  An orc zombie (Ossuary)
  5 quokka zombies (Ossuary)
  3 rats
  2 rat zombies (Ossuary)
  6 fungi
  3 plants
455 creatures vanquished.

Vanquished Creatures (others)
  A black mamba (Lair:4)
  A spiny frog (Lair:3)
  An insubstantial wisp (Lair:4)
  A crocodile (Lair:4)
  A scorpion (D:4)
  A worker ant (D:9)
  7 fungi
  6 plants
19 creatures vanquished.

Grand Total: 474 creatures vanquished

Notes
Turn   | Place    | Note
-------+----------+-------------------------------------------
     0 | D:1      | Goblin1989 the Gnoll Gladiator began the quest for the Orb.
     0 | D:1      | Reached XP level 1. HP: 20/20 MP: 1/1
    19 | D:1      | Reached XP level 2. HP: 17/26 MP: 2/2
   364 | D:1      | Reached XP level 3. HP: 31/31 MP: 3/3
   748 | D:2      | Reached skill level 1 in Invocations
  1034 | D:2      | Reached skill level 1 in Short Blades
  1034 | D:2      | Reached skill level 1 in Long Blades
  1034 | D:2      | Reached skill level 1 in Maces & Flails
  1034 | D:2      | Reached skill level 1 in Polearms
  1034 | D:2      | Reached skill level 1 in Staves
  1034 | D:2      | Reached skill level 1 in Slings
  1034 | D:2      | Reached skill level 1 in Bows
  1034 | D:2      | Reached skill level 1 in Crossbows
  1034 | D:2      | Reached skill level 1 in Armour
  1034 | D:2      | Reached skill level 1 in Stealth
  1034 | D:2      | Reached skill level 1 in Shields
  1034 | D:2      | Reached skill level 1 in Unarmed Combat
  1034 | D:2      | Reached skill level 1 in Spellcasting
  1034 | D:2      | Reached skill level 1 in Evocations
  1079 | D:2      | Reached XP level 4. HP: 38/38 MP: 5/5
  1549 | D:3      | Found a sacrificial altar of Ru.
  1565 | D:3      | Reached skill level 1 in Conjurations
  1565 | D:3      | Reached skill level 1 in Hexes
  1565 | D:3      | Reached skill level 1 in Charms
  1565 | D:3      | Reached skill level 1 in Summonings
  1565 | D:3      | Reached skill level 1 in Necromancy
  1565 | D:3      | Reached skill level 1 in Translocations
  1565 | D:3      | Reached skill level 1 in Transmutations
  1565 | D:3      | Reached skill level 1 in Fire Magic
  1565 | D:3      | Reached skill level 1 in Ice Magic
  1565 | D:3      | Reached skill level 1 in Air Magic
  1565 | D:3      | Reached skill level 1 in Earth Magic
  1565 | D:3      | Reached skill level 1 in Poison Magic
  1565 | D:3      | Reached XP level 5. HP: 35/43 MP: 6/6
  1590 | D:3      | Became a worshipper of Ru the Awakened
  1855 | D:3      | Found an ancient bone altar of Kikubaaqudgha.
  1914 | D:3      | Found a blossoming altar of Fedhas.
  2401 | D:3      | Noticed a big kobold
  2401 | D:3      | Noticed a big kobold
  2402 | D:3      | Noticed a big kobold
  2415 | D:3      | Killed a big kobold
  2415 | D:3      | Reached XP level 6. HP: 22/50 MP: 8/8
  2425 | D:3      | Reached skill level 5 in Fighting
  2425 | D:3      | Reached skill level 5 in Throwing
  2865 | D:3      | Noticed Sigmund
  2877 | D:3      | Killed Sigmund
  2877 | D:3      | Reached XP level 7. HP: 40/56 MP: 10/10
  3503 | D:4      | Gained mutation: You are somewhat inexperienced. (-2 XL)
                  | [Ru sacrifice]
  3503 | D:4      | Reached XP level 6. HP: 51/51 MP: 9/9
  3503 | D:4      | Reached XP level 5. HP: 44/44 MP: 8/8
  3503 | D:4      | Reached * piety under Ru
  3503 | D:4      | Reached ** piety under Ru
  4040 | D:4      | Found a sparkling altar of Nemelex Xobeh.
  4129 | D:4      | Found a hazy altar of Hepliaklqana.
  4139 | D:4      | Reached XP level 6. HP: 20/51 MP: 9/9
  4563 | D:4      | Noticed Blork the orc
  4709 | D:4      | Killed Blork the orc
  4709 | D:4      | Reached XP level 7. HP: 25/56 MP: 11/11
  4990 | D:4      | Noticed Natasha
  4999 | D:4      | Killed Natasha
  5287 | D:5      | Entered Level 5 of the Dungeon
  5646 | D:5      | Found Pullog's General Store.
  5654 | D:5      | Bought a scroll of identify for 24 gold pieces
  5654 | D:5      | Bought a scroll of enchant armour for 90 gold pieces
  5670 | D:5      | Found a staircase to the Ecumenical Temple.
  5757 | D:5      | Reached XP level 8. HP: 64/64 MP: 11/13
  6254 | D:5      | Found a snail-covered altar of Cheibriados.
  6535 | D:6      | Found a shattered altar of Ashenzari.
  6556 | D:6      | Gained mutation: You cannot be stealthy. [Ru sacrifice]
  6556 | D:6      | Reached *** piety under Ru
  6713 | D:6      | Found a basalt altar of Yredelemnul.
  6987 | D:7      | HP: 1/64 [orc warrior/flail (13)]
  7278 | D:7      | Noticed a hippogriff
  7299 | D:7      | Killed a hippogriff
  7299 | D:7      | Reached XP level 9. HP: 18/69 MP: 15/15
  7365 | D:7      | Found a deep blue altar of Sif Muna.
  7394 | D:7      | Found a sand-covered staircase.
  7400 | Ossuary  | Entered an ossuary
  8017 | D:7      | Gained mutation: You tend to lose your temper in combat.
                  | [mutagenic glow]
  8053 | D:7      | Gained mutation: Armour fits poorly on your strangely
                  | shaped body. [mutagenic glow]
  8153 | D:7      | Reached skill level 5 in Invocations
  8677 | D:7      | Learned a level 3 spell: Conjure Flame
  9272 | D:8      | Found a shimmering altar of Xom.
  9275 | D:8      | Noticed a two-headed ogre
  9287 | D:8      | Killed a two-headed ogre
  9287 | D:8      | Reached skill level 5 in Short Blades
  9287 | D:8      | Reached skill level 5 in Long Blades
  9287 | D:8      | Reached skill level 5 in Maces & Flails
  9287 | D:8      | Reached skill level 5 in Polearms
  9287 | D:8      | Reached skill level 5 in Staves
  9287 | D:8      | Reached skill level 5 in Slings
  9287 | D:8      | Reached skill level 5 in Bows
  9287 | D:8      | Reached skill level 5 in Crossbows
  9287 | D:8      | Reached skill level 5 in Armour
  9287 | D:8      | Reached skill level 5 in Shields
  9287 | D:8      | Reached skill level 5 in Unarmed Combat
  9287 | D:8      | Reached skill level 5 in Spellcasting
  9287 | D:8      | Reached skill level 5 in Evocations
  9287 | D:8      | Reached XP level 10. HP: 70/77 MP: 17/17
  9475 | D:8      | Found a shadowy altar of Dithmenos.
  9516 | D:8      | Gained mutation: You are hated by all. [Ru sacrifice]
  9516 | D:8      | Reached **** piety under Ru
 10502 | D:9      | Found a glowing golden altar of the Shining One.
 11497 | D:9      | Found a staircase to the Lair.
 11862 | D:9      | p0werm0de: https://www.youtube.com/watch?v=2bm83QCNyv4
 11901 | D:10     | Entered Level 10 of the Dungeon
 11986 | D:10     | Goblin1989: hi p0!
 11987 | D:10     | p0werm0de: :P
 12432 | D:10     | Got a crude ring mail
 12443 | D:10     | Identified the +4 ring mail of Love and Death {*Corrode
                  | +Fly rF++ rC+} (You found it on level 10 of the Dungeon)
 12607 | D:10     | Found a blossoming altar of Fedhas.
 12735 | D:10     | Found a staircase to the Orcish Mines.
 12835 | D:10     | Noticed a tengu warrior
 12845 | D:10     | Killed a tengu warrior
 12845 | D:10     | Reached XP level 11. HP: 71/84 MP: 19/19
 13016 | D:10     | Noticed a two-headed ogre
 13032 | D:10     | Killed a two-headed ogre
 13499 | D:11     | Noticed Zebedee's ghost (novice DECj)
 13499 | D:11     | Noticed a manticore
 13509 | D:11     | Gained mutation: You cannot study or cast Ice magic. [Ru
                  | sacrifice]
 13509 | D:11     | Gained mutation: You cannot study or cast Transmutations
                  | magic. [Ru sacrifice]
 13509 | D:11     | Gained mutation: You cannot study or cast Charms magic. [Ru
                  | sacrifice]
 13509 | D:11     | Reached ***** piety under Ru
 13522 | D:11     | Killed a manticore
 13522 | D:11     | Reached skill level 5 in Conjurations
 13522 | D:11     | Reached skill level 5 in Hexes
 13522 | D:11     | Reached skill level 5 in Summonings
 13522 | D:11     | Reached skill level 5 in Necromancy
 13522 | D:11     | Reached skill level 5 in Translocations
 13522 | D:11     | Reached skill level 5 in Fire Magic
 13522 | D:11     | Reached skill level 5 in Air Magic
 13522 | D:11     | Reached skill level 5 in Earth Magic
 13522 | D:11     | Reached skill level 5 in Poison Magic
 13654 | D:11     | Found a runed door.
 13728 | D:11     | Found a portal to a secret trove of treasure.
 13759 | D:11     | Noticed a brown ugly thing
 13773 | D:11     | Killed a brown ugly thing
 13889 | D:10     | p0werm0de: https://www.youtube.com/watch?v=MDJi8Qo2nck
 13993 | Lair:1   | Entered Level 1 of the Lair of Beasts
 14327 | Lair:1   | Goblin1989: https://www.youtube.com/watch?v=v4xZUr0BEfE
 15138 | Lair:1   | p0werm0de: https://www.youtube.com/watch?v=vmX6OuVjWpA
 15246 | Lair:2   | p0werm0de: https://www.youtube.com/watch?v=g8ecLZtPssQ
 15276 | Lair:2   | Gained mutation: You take slightly more damage. (AC -5) [Ru
                  | sacrifice]
 15276 | Lair:2   | Reached ****** piety under Ru
 15440 | Lair:2   | Found a staircase to the Snake Pit.
 15512 | Lair:2   | Reached XP level 12. HP: 69/93 MP: 18/22
 15754 | Lair:2   | Found a runed door.
 16477 | Lair:2   | Noticed cotteux's ghost (journeyman GrBe)
 16997 | Lair:3   | Goblin1989: сдаюсь.
 16997 | Lair:3   | Goblin1989: я понимаю рок, но совершенно не понимаю рэп
 16997 | Lair:3   | p0werm0de: yes
 16997 | Lair:3   | Goblin1989: быть может это круто, но это нед ля меня
 17012 | Lair:3   | p0werm0de: i understand your feelings
 17014 | Lair:3   | p0werm0de: i love you too
 17031 | Lair:3   | Goblin1989: =D
 17963 | Lair:4   | Got a twisted ring mail
 18037 | Lair:4   | Identified the +3 ring mail "Ruevaquo" {+Fly Str-4 Int+4
                  | Slay+4} (You found it on level 4 of the Lair of Beasts)
 18072 | Lair:4   | p0werm0de: https://www.youtube.com/watch?v=XINlEYXA3k0
 18362 | Lair:4   | Reached skill level 10 in Axes
 18362 | Lair:4   | Reached skill level 10 in Dodging
 18544 | Lair:4   | Noticed a seven-headed hydra
 18618 | Lair:4   | Killed a ten-headed hydra
 18698 | Lair:4   | Found a staircase to the Swamp.
 19681 | Lair:4   | Reached XP level 13. HP: 101/101 MP: 21/24
 21258 | Orc:1    | Entered Level 1 of the Orcish Mines
 21693 | Orc:1    | Found a roughly hewn altar of Beogh.
 22162 | Orc:2    | Entered Level 2 of the Orcish Mines
 22162 | Orc:2    | Found a staircase to the Elven Halls.
 22162 | Orc:2    | Noticed an ettin
 22170 | Orc:2    | Killed an ettin
 22171 | Orc:2    | Noticed Erolcha
 22356 | Orc:2    | Killed Erolcha
 22384 | Orc:2    | Hit by a large rock thrown by a cyclops

Skill      XL: |  1  2  3  4  5  6  7  8  9 10 11 12 13 |
---------------+----------------------------------------+-----
Invocations    | 1 2 3 4 5 6 7 8 9 |  9.0
Short Blades   | 1 2 3 4 5 6 7 8 |  8.2
Long Blades    | 1 2 3 4 5 6 7 8 |  8.2
Maces & Flails | 1 2 3 4 5 6 7 8 |  8.2
Polearms       | 1 2 3 4 5 6 7 8 |  8.2
Staves         | 1 2 3 4 5 6 7 8 |  8.2
Slings         | 1 2 3 4 5 6 7 8 |  8.2
Bows           | 1 2 3 4 5 6 7 8 |  8.2
Crossbows      | 1 2 3 4 5 6 7 8 |  8.2
Armour         | 1 2 3 4 5 6 7 8 |  8.2
Stealth        | 1 2 3 0 |  0.0
Shields        | 1 2 3 4 5 6 7 8 |  8.2
Unarmed Combat | 1 2 3 4 5 6 7 8 |  8.2
Spellcasting   | 1 2 3 4 5 6 7 8 |  8.2
Evocations     | 1 2 3 4 5 6 7 8 |  8.2
Conjurations   | 1 2 3 4 5 6 |  6.8
Hexes          | 1 2 3 4 5 6 |  6.8
Charms         | 1 2 3 4 0 |  0.0
Summonings     | 1 2 3 4 5 6 |  6.8
Necromancy     | 1 2 3 4 5 6 |  6.8
Translocations | 1 2 3 4 5 6 |  6.8
Transmutations | 1 2 3 4 0 |  0.0
Fire Magic     | 1 2 3 4 5 6 |  6.8
Ice Magic      | 1 2 3 4 0 |  0.0
Air Magic      | 1 2 3 4 5 6 |  6.8
Earth Magic    | 1 2 3 4 5 6 |  6.8
Poison Magic   | 1 2 3 4 5 6 |  6.8
Fighting       | 5 6 7 8 9 |  9.4
Throwing       | 5 6 7 8 9 |  9.4
Axes           | 7 8 9 10 | 10.4
Dodging        | 7 8 9 10 | 10.4

Action                   |  1- 3 |  4- 6 |  7- 9 | 10-12 | 13-15 || total
-------------------------+-------+-------+-------+-------+-------++-------
Melee: War axe           |    80 |   241 |   517 |   651 |    58 ||  1547
       Bite              |    13 |    29 |    79 |   104 |    33 ||   258
       Punch             |       |     3 |    10 |    23 |     8 ||    44
       Dagger            |       |       |    21 |       |     4 ||    25
       Trident           |       |       |       |    12 |       ||    12
       Broad axe         |       |       |       |       |   114 ||   114
 Fire: Hunting sling     |       |       |     8 |    64 |       ||    72
Throw: Throwing net      |       |     1 |       |     1 |       ||     2
 Cast: Conjure Flame     |       |       |       |    11 |       ||    11
Invok: Sacrifice Experie |       |     1 |       |       |       ||     1
       Draw Out Power    |       |       |     1 |     3 |       ||     4
       Sacrifice Stealth |       |       |     1 |       |       ||     1
       Sacrifice Love    |       |       |       |     1 |       ||     1
       Apocalypse        |       |       |       |     2 |     2 ||     4
       Sacrifice Health  |       |       |       |     1 |       ||     1
       Sacrifice Arcana  |       |       |       |     1 |       ||     1
 Abil: Evoke Berserk Rag |       |       |       |     3 |     1 ||     4
Evoke: Wand              |       |       |       |     6 |     2 ||     8
  Use: Potion            |       |     2 |       |       |       ||     2
       Scroll            |       |       |    12 |     3 |    10 ||    25
 Stab: Sleeping          |     1 |     2 |       |       |       ||     3
       Invisible         |       |     2 |     2 |    11 |     1 ||    16
       Distracted        |       |       |     1 |     1 |     3 ||     5
       Paralysed         |       |       |       |     7 |    10 ||    17
  Eat: Chunk             |     1 |     8 |    15 |    26 |     7 ||    57
       Ration            |       |       |     1 |     4 |     1 ||     6
Armor: Leather armour    |    21 |    46 |     1 |       |       ||    68
       Ring mail         |       |    22 |   134 |   167 |    31 ||   354
       Plate armour      |       |       |       |     2 |    33 ||    35
Dodge: Dodged            |    77 |   184 |   384 |   524 |   141 ||  1310

Vault maps used:
D:1:      dpeg_arrival_stonehenge_8_columns
D:2:      first_ration, minmay_close_crescents
D:3:      minmay_goblin_kobold_castle, lemuel_round_altar, fedhas_altar_2,
          old_standard_altar, uniq_sigmund
D:4:      overflow_temple_1_default, nicolae_overflow_hidden_temple,
          uniq_blork_the_orc, uniq_natasha
D:5:      lemuel_coloured_pillars_altar, minmay_temple_entry_crystal_x,
          serial_shops, shop
D:6:      yredelemnul_altar_generic, minmay_misc_feat_alley,
          nicolae_ashenzari_panopticon
D:7:      nicolae_overflow_crystal_walls, nicolae_ossuary_entry_catacombs
D:8:      lemuel_round_altar, kennysheep_mini
D:9:      nicolae_tso_carved_into_rock, lair_entry_dummy, chequers_big_river,
          lemuel_flamethrower_2
D:10:     orc_0_dummy, basic_altar, grunt_tengu_nest, kennysheep_generic_room_7
D:11:     nicolae_trove_entry_crossroad, hellmonk_ghost_happy_afterlife
Lair:2:   minmay_snake_entry_six_corridors, ebering_ghost_reflecting_pool
Lair:3:   patterned_corridor, infiniplex_staircase_pool, lemuel_fruit_fields
Lair:4:   minmay_swamp_entry_wisps, grunt_megastairs_2, serial_bayou_shore_a,
          infiniplex_staircase_pool_2, lemuel_fruit_fields, lemuel_fruit_fields
Lair:5:   minivault_25
Orc:1:    basic_altar, serial_shops
Orc:2:    st_orc_rangers, lab_entry_generic, uniq_snorg, uniq_erolcha
Ossuary:  minmay_ossuary_two_tombs
